| TOP OF THE 1ST |
|
Omaha Storm Chasers batting - Pitching for Norfolk Tides : LHP Kichisaburo Sakuma
|
|
Pitching: LHP Kichisaburo Sakuma
|
|
|
Batting: RHB Walt Cogswell
|
0-0: Ball 1-0: Ball 2-0: Fly out, F4 (Popup, 4MD, EV 63.8 MPH)
|
|
Batting: RHB Taisei Fujii
|
0-0: Ball 1-0: Foul Ball, location: 2F 1-1: Ball 2-1: Foul Ball, location: 2F 2-2: Foul Ball, location: 2F 2-2: Fly out, F9 (Flyball, 89S, EV 88.1 MPH)
|
|
Batting: LHB Jim Pankratz
|
0-0: Ball 1-0: Ball 2-0: Foul Ball, location: 2F 2-1: Ball 3-1: Fly out, F7 (Flyball, 78D, EV 73.8 MPH)
|
| Top of the 1st over - 0 runs, 0 hits, 0 errors, 0 left on base; Omaha 0 - Norfolk 0 |
| BOTTOM OF THE 1ST |
|
Norfolk Tides batting - Pitching for Omaha Storm Chasers : RHP Malachi Shelton
|
|
Pitching: RHP Malachi Shelton
|
|
|
Batting: RHB Bobby Melillo
|
0-0: Called Strike 0-1: Ball 1-1: Ball 2-1: Ball 3-1: Base on Balls
|
|
Batting: RHB Bobby Scholl
|
0-0: Ball 1-0: Ball Bobby Melillo steals 2nd base 2-0: Foul Ball, location: 2F 2-1: Ball 3-1: Ground out 2-3 (Groundball, 2R, EV 63.8 MPH) Bobby Melillo to third
|
|
Batting: RHB Kory Sanchez
|
0-0: Ball 1-0: Called Strike Pickoff Throw to Third - Error! E1 Bobby Melillo scores 1-1: Foul Ball, location: 2F 1-2: Strikes out looking
|
|
Batting: SHB Brian Bentz
|
0-0: Foul Ball, location: 2F 0-1: Swinging Strike 0-2: Ball 1-2: Foul Ball, location: 2F 1-2: Foul Ball, location: 2F 1-2: Ball 2-2: Foul Ball, location: 2F 2-2: SINGLE (Line Drive, 89S, EV 106.2 MPH)
|
|
Batting: LHB Tyler Allen
|
0-0: Swinging Strike 0-1: Called Strike 0-2: Ground out U3 (Groundball, 3L, EV 104.4 MPH)
|
| Bottom of the 1st over - 1 run, 1 hit, 1 error, 1 left on base; Omaha 0 - Norfolk 1 |
| TOP OF THE 2ND |
|
Omaha Storm Chasers batting - Pitching for Norfolk Tides : LHP Kichisaburo Sakuma
|
|
Batting: RHB Ken Postlethwaite
|
0-0: Ball 1-0: SINGLE (Flyball, 8LS, EV 96.9 MPH)
|
|
Batting: RHB Danny Weisse
|
0-0: Ball 1-0: Swinging Strike 1-1: Ball 2-1: Swinging Strike 2-2: Grounds into double play, 6-4-3 (Groundball, 6, EV 87.5 MPH)
|
|
Batting: SHB Francisco Gutierrez
|
0-0: Called Strike 0-1: Ball 1-1: Ground out 6-3 (Groundball, 56, EV 80.6 MPH)
|
| Top of the 2nd over - 0 runs, 1 hit, 0 errors, 0 left on base; Omaha 0 - Norfolk 1 |
| BOTTOM OF THE 2ND |
|
Norfolk Tides batting - Pitching for Omaha Storm Chasers : RHP Malachi Shelton
|
|
Pitching: RHP Gan Ts'ong
|
|
|
Batting: LHB James Betron
|
0-0: Ball 1-0: Fly out, F9 (Flyball, 9, EV 95.0 MPH)
|
|
Batting: RHB Ashton Holloway
|
0-0: Ball 1-0: Ball 2-0: Called Strike 2-1: Ball 3-1: Foul Ball, location: 2F 3-2: Strikes out swinging
|
|
Batting: RHB Edgar Franco
|
0-0: Foul Ball, location: 2F 0-1: Swinging Strike 0-2: Strikes out looking
|
| Bottom of the 2nd over - 0 runs, 0 hits, 0 errors, 0 left on base; Omaha 0 - Norfolk 1 |
| TOP OF THE 3RD |
|
Omaha Storm Chasers batting - Pitching for Norfolk Tides : LHP Kichisaburo Sakuma
|
|
Batting: LHB Danny Bailey
|
0-0: Ball 1-0: Ball 2-0: Foul Ball, location: 2F 2-1: Ball 3-1: Ground out 1-3 (Groundball, 13S, EV 70.6 MPH)
|
|
Batting: RHB Yuichi Takata
|
0-0: SINGLE (Groundball, 25, EV 71.2 MPH) (infield hit)
|
|
Batting: RHB Kevin Roseen
|
0-0: Ball 1-0: Called Strike Yuichi Takata is caught stealing 2nd base 2-4 1-1: Ball 2-1: Foul Ball, location: 2F 2-2: Ground out 4-3 (Groundball, 4, EV 88.1 MPH)
|
| Top of the 3rd over - 0 runs, 1 hit, 0 errors, 0 left on base; Omaha 0 - Norfolk 1 |
| BOTTOM OF THE 3RD |
|
Norfolk Tides batting - Pitching for Omaha Storm Chasers : RHP Gan Ts'ong
|
|
Batting: LHB Pat Shaddock
|
0-0: Ground out 6-3 (Groundball, 6, EV 106.9 MPH)
|
|
Batting: RHB Bobby Melillo
|
0-0: Ball 1-0: Fly out, F9 (Flyball, 9D, EV 98.1 MPH)
|
|
Batting: RHB Bobby Scholl
|
0-0: Called Strike 0-1: Swinging Strike 0-2: DOUBLE (Flyball, 78D, EV 101.2 MPH)
|
|
Batting: RHB Kory Sanchez
|
0-0: Ball 1-0: Called Strike 1-1: Foul Ball, location: 2F 1-2: Ball 2-2: Ball 3-2: Foul Ball, location: 2F 3-2: Foul Ball, location: 2F 3-2: Foul Ball, location: 2F 3-2: Strikes out looking
|
| Bottom of the 3rd over - 0 runs, 1 hit, 0 errors, 1 left on base; Omaha 0 - Norfolk 1 |
| TOP OF THE 4TH |
|
Omaha Storm Chasers batting - Pitching for Norfolk Tides : LHP Kichisaburo Sakuma
|
|
Batting: RHB Walt Cogswell
|
0-0: SINGLE (Groundball, 23, EV 67.5 MPH) (infield hit)
|
|
Batting: RHB Taisei Fujii
|
0-0: SINGLE (Flyball, 89M, EV 88.8 MPH) Walt Cogswell to second Runner from 2nd tries for 3rd, SAFE, throw by CF made to third
|
|
Batting: LHB Jim Pankratz
|
0-0: Ball 1-0: Called Strike 1-1: Ball 2-1: Ball 3-1: Called Strike 3-2: DOUBLE (Groundball, 5L, EV 113.1 MPH) Walt Cogswell scores Taisei Fujii to third
|
|
Batting: RHB Ken Postlethwaite
|
0-0: Ball 1-0: Fly out, F7 (Flyball, 7S, EV 85.0 MPH)
|
|
Batting: RHB Danny Weisse
|
0-0: Ball 1-0: Ground out 6-3 (Groundball, 6S, EV 70.6 MPH) Taisei Fujii scores Jim Pankratz to third
|
|
Batting: SHB Francisco Gutierrez
|
0-0: Called Strike 0-1: Ball 1-1: Ball 2-1: Ground out 4-3 (Groundball, 4, EV 90.0 MPH)
|
| Top of the 4th over - 2 runs, 3 hits, 0 errors, 1 left on base; Omaha 2 - Norfolk 1 |
| BOTTOM OF THE 4TH |
|
Norfolk Tides batting - Pitching for Omaha Storm Chasers : RHP Gan Ts'ong
|
|
Batting: SHB Brian Bentz
|
0-0: Called Strike 0-1: Ground out 6-3 (Groundball, 4, EV 99.4 MPH)
|
|
Batting: LHB Tyler Allen
|
0-0: Ball 1-0: Ball 2-0: SINGLE (Line Drive, 7S, EV 95.0 MPH)
|
|
Pitching: RHP Joe Jordahl
|
|
|
Batting: LHB James Betron
|
0-0: SINGLE (Groundball, 34, EV 98.8 MPH) Tyler Allen to second Runner from 2nd tries for 3rd, SAFE, throw by RF made to third
|
|
Batting: RHB Ashton Holloway
|
0-0: Foul Ball, location: 2F 0-1: Called Strike 0-2: Foul Ball, location: 2F 0-2: Strikes out swinging
|
|
Batting: RHB Edgar Franco
|
0-0: Called Strike 0-1: Ball 1-1: Called Strike 1-2: Strikes out swinging
|
| Bottom of the 4th over - 0 runs, 2 hits, 0 errors, 2 left on base; Omaha 2 - Norfolk 1 |
| TOP OF THE 5TH |
|
Omaha Storm Chasers batting - Pitching for Norfolk Tides : LHP Kichisaburo Sakuma
|
|
Batting: LHB Danny Bailey
|
0-0: Called Strike 0-1: Swinging Strike 0-2: SOLO HOME RUN (Flyball, 89XD, EV 100.0 MPH), Distance : 391 ft
|
|
Batting: RHB Yuichi Takata
|
0-0: Ball 1-0: SINGLE (Groundball, 34D, EV 104.4 MPH)
|
|
Batting: RHB Kevin Roseen
|
0-0: Swinging Strike 0-1: Ball 1-1: Grounds into double play, 5-4-3 (Groundball, 56S, EV 81.9 MPH)
|
|
Batting: RHB Walt Cogswell
|
0-0: Ball 1-0: Fly out, F4 (Popup, 34, EV 64.4 MPH)
|
| Top of the 5th over - 1 run, 2 hits, 0 errors, 0 left on base; Omaha 3 - Norfolk 1 |
| BOTTOM OF THE 5TH |
|
Norfolk Tides batting - Pitching for Omaha Storm Chasers : RHP Joe Jordahl
|
|
Batting: LHB Pat Shaddock
|
0-0: Called Strike 0-1: Ball 1-1: Swinging Strike 1-2: Foul Ball, location: 2F 1-2: Foul Ball, location: 2F 1-2: Ball 2-2: Foul Ball, location: 2F 2-2: Foul Ball, location: 2F 2-2: Ball 3-2: Foul Ball, location: 2F 3-2: Strikes out swinging
|
|
Batting: RHB Bobby Melillo
|
0-0: Ball 1-0: Foul Ball, location: 2F 1-1: SOLO HOME RUN (Flyball, 7LD, EV 98.1 MPH), Distance : 356 ft
|
|
Batting: RHB Bobby Scholl
|
0-0: Ball 1-0: Ball 2-0: Ball 3-0: Called Strike 3-1: Base on Balls
|
|
Pitching: RHP Rich Frontczak
|
|
|
Batting: RHB Kory Sanchez
|
0-0: Ball 1-0: Foul Ball, location: 2F 1-1: Fielders Choice at 2nd, 1-4 (Groundball, P, EV 73.1 MPH)
|
|
Batting: SHB Brian Bentz
|
0-0: Ball 1-0: Foul Ball, location: 2F 1-1: Foul Ball, location: 2F 1-2: Ball 2-2: Ball 3-2: Base on Balls Kory Sanchez to second
|
|
Batting: LHB Tyler Allen
|
0-0: Ball 1-0: Ball 2-0: Ball Wild Pitch! Kory Sanchez to third Brian Bentz to second 3-0: Called Strike 3-1: Base on Balls
|
|
Batting: LHB James Betron
|
0-0: Ball 1-0: Fly out, F9 (Line Drive, 9, EV 102.5 MPH)
|
| Bottom of the 5th over - 1 run, 1 hit, 0 errors, 3 left on base; Omaha 3 - Norfolk 2 |
| TOP OF THE 6TH |
|
Omaha Storm Chasers batting - Pitching for Norfolk Tides : LHP Kichisaburo Sakuma
|
|
Batting: RHB Taisei Fujii
|
0-0: Ball 1-0: SINGLE (Groundball, 6D, EV 102.5 MPH)
|
|
Batting: LHB Jim Pankratz
|
0-0: Fielders Choice at 2nd, 4-6 (Groundball, 4, EV 88.1 MPH)
|
|
Batting: RHB Ken Postlethwaite
|
0-0: Ball Wild Pitch! Jim Pankratz to second 1-0: Ground out 6-3 (Groundball, 6, EV 80.0 MPH) Jim Pankratz to third
|
|
Batting: RHB Danny Weisse
|
0-0: Foul Ball, location: 2F 0-1: Ball 1-1: Called Strike 1-2: Ball 2-2: Foul Ball, location: 2F 2-2: Foul Ball, location: 2F 2-2: Foul Ball, location: 2F 2-2: Fly out, F8 (Flyball, 8RXD, EV 85.6 MPH)
|
| Top of the 6th over - 0 runs, 1 hit, 0 errors, 1 left on base; Omaha 3 - Norfolk 2 |
| BOTTOM OF THE 6TH |
|
Norfolk Tides batting - Pitching for Omaha Storm Chasers : RHP Rich Frontczak
|
|
Batting: RHB Ashton Holloway
|
0-0: Ball 1-0: Called Strike 1-1: Ball 2-1: Swinging Strike 2-2: Foul Ball, location: 2F 2-2: Ground out U3 (Groundball, 3L, EV 76.2 MPH)
|
|
Batting: RHB Edgar Franco
|
0-0: Ball 1-0: Foul Ball, location: 2F 1-1: Ball 2-1: Foul Ball, location: 2F 2-2: Fly out, F9 (Flyball, 89S, EV 93.8 MPH)
|
|
Batting: LHB Pat Shaddock
|
0-0: Ball 1-0: Ball 2-0: Ball 3-0: Base on Balls
|
|
Pitching: LHP Francisco de la Torre
|
|
|
Batting: RHB Bobby Melillo
|
0-0: Ground out 4-3 (Groundball, 34, EV 102.5 MPH)
|
| Bottom of the 6th over - 0 runs, 0 hits, 0 errors, 1 left on base; Omaha 3 - Norfolk 2 |
| TOP OF THE 7TH |
|
Omaha Storm Chasers batting - Pitching for Norfolk Tides : LHP Kichisaburo Sakuma
|
|
Batting: SHB Francisco Gutierrez
|
0-0: Foul Ball, location: 2F 0-1: Ball 1-1: Ball 2-1: Foul Ball, location: 2F 2-2: Ground out 6-3 (Groundball, 6, EV 105.6 MPH)
|
|
Batting: LHB Danny Bailey
|
0-0: Ground out 5-3 (Groundball, 56S, EV 71.2 MPH)
|
|
Batting: RHB Yuichi Takata
|
0-0: Ball 1-0: Called Strike 1-1: Foul Ball, location: 2F 1-2: Ball 2-2: SINGLE (Line Drive, 7S, EV 95.0 MPH)
|
|
Batting: RHB Kevin Roseen
|
0-0: Ball 1-0: Called Strike 1-1: Ball 2-1: Swinging Strike 2-2: Ball 3-2: Foul Ball, location: 2F 3-2: SINGLE (Groundball, 34D, EV 108.1 MPH) - runner OUT being hit by batted ball. (infield hit)
|
| Top of the 7th over - 0 runs, 2 hits, 0 errors, 1 left on base; Omaha 3 - Norfolk 2 |
| BOTTOM OF THE 7TH |
|
Norfolk Tides batting - Pitching for Omaha Storm Chasers : LHP Francisco de la Torre
|
|
Batting: RHB Bobby Scholl
|
0-0: Called Strike 0-1: Called Strike 0-2: Strikes out swinging, 2-3 out at first.
|
|
Batting: RHB Kory Sanchez
|
0-0: Ball 1-0: Ball 2-0: Called Strike 2-1: Ball 3-1: Swinging Strike 3-2: Foul Ball, location: 2F 3-2: Foul Ball, location: 2F 3-2: Base on Balls
|
|
Batting: SHB Brian Bentz
|
0-0: Ball 1-0: Ball 2-0: Ball 3-0: Base on Balls Kory Sanchez to second
|
|
Batting: LHB Tyler Allen
|
0-0: Foul Ball, location: 2F 0-1: Ball 1-1: Foul Ball, location: 2F 1-2: Ball 2-2: Strikes out swinging
|
|
Batting: LHB James Betron
|
0-0: Ball 1-0: Called Strike 1-1: Swinging Strike 1-2: Strikes out swinging
|
| Bottom of the 7th over - 0 runs, 0 hits, 0 errors, 2 left on base; Omaha 3 - Norfolk 2 |
| TOP OF THE 8TH |
|
Omaha Storm Chasers batting - Pitching for Norfolk Tides : LHP Kichisaburo Sakuma
|
|
Batting: RHB Walt Cogswell
|
0-0: Called Strike 0-1: Ball 1-1: SINGLE (Line Drive, 56, EV 96.9 MPH)
|
|
Batting: RHB Taisei Fujii
|
0-0: DOUBLE (Groundball, 5L, EV 101.2 MPH) Walt Cogswell to third
|
|
Pitching: LHP Juan Becerra
|
|
|
Pinch Hitting: SHB Jared O'Connor
|
0-0: Ball 1-0: Ball 2-0: Called Strike 2-1: Ball 3-1: Foul Ball, location: 2F 3-2: Strikes out swinging
|
|
Batting: RHB Ken Postlethwaite
|
0-0: Ball 1-0: Called Strike 1-1: Foul Ball, location: 2F 1-2: Foul Ball, location: 2F 1-2: Foul Ball, location: 2F 1-2: Fly out, F8 (Flyball, 8LM, EV 79.4 MPH)
|
|
Batting: RHB Danny Weisse
|
0-0: SINGLE (Groundball, 34S, EV 97.5 MPH) Walt Cogswell scores Taisei Fujii to third Runner from 3rd tries for Home, SAFE, throw by RF to home
|
|
Batting: SHB Francisco Gutierrez
|
0-0: Ball 1-0: Ball 2-0: Ball 3-0: Called Strike 3-1: Foul Ball, location: 2F 3-2: Ground out 6-3 (Groundball, 6, EV 103.8 MPH)
|
| Top of the 8th over - 2 runs, 3 hits, 0 errors, 1 left on base; Omaha 5 - Norfolk 2 |
| BOTTOM OF THE 8TH |
|
Norfolk Tides batting - Pitching for Omaha Storm Chasers : LHP Francisco de la Torre
|
|
Pitching: LHP Yorinobu Noguchi
|
|
|
Now in LF: Willie Gutierrez
|
|
|
Batting: RHB Ashton Holloway
|
0-0: Ball 1-0: Called Strike 1-1: Foul Ball, location: 2F 1-2: Ball 2-2: Foul Ball, location: 2F 2-2: Foul Ball, location: 2F 2-2: Ball 3-2: Foul Ball, location: 2F 3-2: Base on Balls
|
|
Batting: RHB Edgar Franco
|
0-0: Called Strike 0-1: Ball 1-1: Called Strike 1-2: Ground out 6-3 (Groundball, P, EV 86.2 MPH) Ashton Holloway to second
|
|
Pinch Hitting: SHB Ben Pierce
|
0-0: Ball 1-0: Called Strike 1-1: Fly out, F7 (Flyball, 78M, EV 90.0 MPH)
|
|
Batting: RHB Bobby Melillo
|
0-0: Ball 1-0: SINGLE (Groundball, 6MD, EV 98.1 MPH) Ashton Holloway to third Runner from 3rd tries for Home, SAFE, throw by CF to home
|
|
Batting: RHB Bobby Scholl
|
0-0: Called Strike 0-1: Ball 1-1: Swinging Strike 1-2: Ball 2-2: Ball 3-2: Base on Balls Bobby Melillo to second
|
|
Pitching: RHP Jon Griffin
|
|
|
Batting: RHB Kory Sanchez
|
0-0: Called Strike 0-1: Ball 1-1: Ball 2-1: Ball 3-1: Fly out, F8 (Line Drive, 8RM, EV 93.8 MPH)
|
| Bottom of the 8th over - 1 run, 1 hit, 0 errors, 2 left on base; Omaha 5 - Norfolk 3 |
| TOP OF THE 9TH |
|
Omaha Storm Chasers batting - Pitching for Norfolk Tides : LHP Juan Becerra
|
|
Now at 1B: Ben Pierce
|
|
|
Batting: LHB Danny Bailey
|
0-0: Called Strike 0-1: Called Strike 0-2: Strikes out looking
|
|
Batting: RHB Yuichi Takata
|
0-0: Called Strike 0-1: Called Strike 0-2: Foul Ball, location: 2F 0-2: Ball 1-2: Strikes out swinging
|
|
Batting: RHB Kevin Roseen
|
0-0: Ground out 5-3 (Groundball, 56S, EV 83.8 MPH)
|
| Top of the 9th over - 0 runs, 0 hits, 0 errors, 0 left on base; Omaha 5 - Norfolk 3 |
| BOTTOM OF THE 9TH |
|
Norfolk Tides batting - Pitching for Omaha Storm Chasers : RHP Jon Griffin
|
|
Batting: SHB Brian Bentz
|
0-0: Ball 1-0: Ground out 6-3 (Groundball, 4, EV 103.8 MPH)
|
|
Batting: LHB Tyler Allen
|
0-0: Called Strike 0-1: Foul Ball, location: 2F 0-2: Fly out, F9 (Flyball, 9LS, EV 85.0 MPH)
|
|
Batting: LHB James Betron
|
0-0: Ground out 4-3 (Groundball, 4, EV 83.1 MPH)
|
| Bottom of the 9th over - 0 runs, 0 hits, 0 errors, 0 left on base; Omaha 5 - Norfolk 3 |
|